 Dungeon Crawl Stone Soup version 0.29.0-3-gbb0933ed62 (webtiles) character file.

Game seed: 6102434064611629325

68 funkygono the Firebug (level 4, -1/24 HPs)
             Began as a Gargoyle Fire Elementalist on Aug 25, 2022.
             Slain by Jessica
             ... wielding a +0 club
              (6 damage)
             ... on level 2 of the Dungeon.
             The game lasted 00:02:15 (1288 turns).

funkygono the Firebug (Gargoyle Fire Elementalist)  Turns: 1288, Time: 00:02:16

Health: -1/24      AC:  8    Str: 12    XL:     4   Next: 19%
Magic:  7/7        EV: 11    Int: 17    God:
Gold:   92         SH:  0    Dex: 10    Spells: 0/7 levels left

rFire   . . .      SeeInvis .   k - +0 mace (drain)
rCold   + . .      Faith    .   (no shield)
rNeg    + . .      Spirit   .   i - +2 leather armour {rC+}
rPois   ∞          Reflect  .   (no helmet)
rElec   +          Harm     .   (no cloak)
rCorr   .          Rampage  .   (no gloves)
Will    .....                   (no boots)
Stlth   ++........              m - amulet of the acrobat
HPRegen 0.08/turn               (no ring)
MPRegen 0.10/turn               (no ring)

@: no status effects
A: sickness immunity, AC +3, negative energy resistance 1, electricity
resistance, torment resistance 1, petrification resistance
a: no special abilities


You were on level 2 of the Dungeon.
You visited 1 branch of the dungeon, and saw 2 of its levels.

You collected 92 gold pieces.

Inventory:

Hand Weapons
 f - a +0 mace
 k - a +0 mace of draining (weapon)
Armour
 a - a +0 robe
 i - a +2 leather armour of cold resistance (worn)
Jewellery
 m - an amulet of the acrobat (around neck)
Scrolls
 e - a scroll of teleportation {unknown}
 g - 3 scrolls of identify {unknown}
 h - a scroll of noise {unknown}
 j - a scroll of poison {unknown}
 l - a scroll of fear {unknown}
Potions
 b - a potion of magic
 c - 2 potions of mutation {unknown}
 d - a potion of heal wounds {unknown}


   Skills:
 + Level 0.1 Fighting
 + Level 1.3 Maces & Flails
 + Level 1.7 Dodging
 + Level 2.3 Stealth
 + Level 2.4 Spellcasting
 + Level 1.4 Conjurations
 + Level 4.0 Fire Magic


You couldn't memorise any spells.
You knew the following spells:

 Your Spells              Type           Power      Damage    Failure   Level
a - Foxfire               Conj/Fire      44%        2x1d6     8%          1
b - Scorch                Fire           30%        2d6       7%          2
c - Flame Wave            Conj/Fire      11%        2d6       58%         4

Your spell library contained the following spells:

 Spells                   Type           Power      Damage    Failure   Level
 Conjure Flame            Conj/Fire      11%        6-21      22%         3
 Sandblast                Erth           4%         2d4       24%         1
 Static Discharge         Conj/Air       8%         3-4/arc   26%         2
 Inner Flame              Hex/Fire       8%         N/A       30%         3
 Passwall                 Tmut/Erth      1%         N/A       34%         2
 Stone Arrow              Conj/Erth      8%         3d7       45%         3
 Lightning Bolt           Conj/Air       2%         1d13      99%         5
 Maxwell's Capacitive Co  Air            1%         ∞         100%        8


Dungeon Overview and Level Annotations

Branches:
Dungeon (2/15)

Altars:

Annotations:
D:2 Jessica


Innate Abilities, Weirdness & Mutations

You are immune to sickness and miasma.
Your stone body is resilient. (AC +3)
You are immune to poison.
You resist negative energy. (rN+)
You are resistant to electric shocks. (rElec)
You are resistant to unholy torment.
You are immune to petrification.


Message History

You see here a hobgoblin corpse.
You see here 4 stones.
Jessica the Apprentice Sorceress comes into view.
She is wielding a +0 club.
Jessica shouts!
Jessica shouts, "You are a ghastly nuisance!"
Found a stone staircase leading up.
Jessica mumbles some strange words.
Jessica seems to speed up.
You see here a scroll labelled OTIRAU ZOGRU.
You hit Jessica but do no damage. Jessica misses you.
Jessica barely misses you.
You hit Jessica.
Jessica is heavily wounded.
Jessica barely misses you. Jessica closely misses you.
You closely miss Jessica.
Jessica is heavily wounded.
Jessica gestures at you while chanting. Pain shoots through your body!
Jessica hits you but does no damage.
You barely miss Jessica.
Jessica is heavily wounded.
Jessica gestures at you while chanting. Pain shoots through your body!
Jessica misses you.
You hit Jessica. You drain Jessica.
Jessica is almost dead.
Jessica hits you but does no damage. Jessica barely misses you.
You barely miss Jessica.
Jessica is almost dead.
Jessica hits you but does no damage. Jessica casts a spell at you.
You barely resist. You closely miss Jessica.
Jessica is severely wounded.
Jessica hits you with a +0 club. x2
* * * LOW HITPOINT WARNING * * *
You hit Jessica but do no damage. You drain Jessica.
Jessica is almost dead.
Jessica hits you with a +0 club.
* * * LOW HITPOINT WARNING * * *
Jessica hits you with a +0 club.
You die...

#..# #.#..#.#
##.##
###.#..#.#
#..#
#.#.#..#.#
###### #.##
#<#.#..#.#
.....# #.#
#.#.#..#.#
####.###.#
#.#.####.#
.....##..####
#.#......#
###..##.....#
#@########
#...'''''.#
#@#
#...'''''.#
#.#
###...''_''.#
#.#
.†#...'''''.#
#.#
#.#...)''''##
#.#
..#........#
#.#
###..##÷####
#.# # #...#[#
#.# # #..<..#
#.#


You could see Jessica (fast, very drained).

Vanquished Creatures
  Terence (D:2)
  3 adders (D:2)
  3 ball pythons
  2 endoplasms (D:2)
  A giant cockroach (D:1)
  2 goblins (D:2)
  3 hobgoblins (D:2)
  A bat (D:2)
  A frilled lizard (D:2)
  3 kobolds (D:2)
  A rat (D:1)
21 creatures vanquished.

Vanquished Creatures (others)
  28 foxfires
28 creatures vanquished.

Grand Total: 49 creatures vanquished

Notes
Turn   | Place    | Note
-------+----------+-------------------------------------------
     0 | D:1      | funkygono the Gargoyle Fire Elementalist began the quest
                  | for the Orb.
     0 | D:1      | Reached XP level 1. HP: 10/10 MP: 3/3
   718 | D:2      | Reached skill level 1 in Maces & Flails
   718 | D:2      | Reached XP level 2. HP: 12/15 MP: 1/5
   721 | D:2      | Learned a level 2 spell: Scorch
   789 | D:2      | Reached XP level 3. HP: 19/19 MP: 3/6
   876 | D:2      | Found a faded altar of an unknown god.
   878 | D:2      | Noticed Terence
   893 | D:2      | Killed Terence
  1049 | D:2      | Reached XP level 4. HP: 24/24 MP: 5/7
  1072 | D:2      | Learned a level 4 spell: Flame Wave
  1110 | D:2      | Reached skill level 4 in Fire Magic
  1277 | D:2      | Noticed Jessica
  1288 | D:2      | Slain by Jessica

Illustrated notes

Levels and vault maps discovered:
D:1:      scummos_arrival_forest, layout_basic, minmay_misc_feat_alley
D:2:      layout_basic, hellmonk_ecumenical_altar_heavens_door, hex_tiny,
          grunt_ministairs_7, uniq_jessica, uniq_terence

Skill      XL: |  1  2  3  4 |
---------------+-------------+-----
Maces & Flails | 1 |  1.3
Fire Magic     | 4 |  4.0
Fighting       | |  0.1
Dodging        | |  1.7
Stealth        | |  2.3
Spellcasting   | |  2.4
Conjurations   | |  1.4

Action                   |  1- 3 |  4- 6 || total
-------------------------+-------+-------++-------
Melee: Mace              |    21 |    13 ||    34
       Punch             |     1 |     1 ||     2
 Cast: Foxfire           |    18 |     1 ||    19
 Stab: Sleeping          |       |     1 ||     1
Armor: Leather armour    |     8 |     5 ||    13
Dodge: Dodged            |    14 |     8 ||    22
